 Dungeon Crawl Stone Soup version 0.27.1-1-g398f81649c (webtiles) character file.

Game seed: 2501034066915550844

46 Descartes the Grave Robber (level 3, -6/21 HPs)
             Began as a Deep Elf Wanderer on Sept 10, 2021.
             Killed from afar by Sigmund (8 damage)
             ... with a puff of flame
             ... on level 2 of the Dungeon.
             The game lasted 00:08:29 (2712 turns).

Descartes the Grave Robber (Deep Elf Wanderer)      Turns: 2712, Time: 00:08:30

Health: -6/21      AC:  2    Str:  8    XL:     3   Next: 44%
Magic:  8/8        EV: 12    Int: 18    God:
Gold:   76         SH:  0    Dex: 14    Spells: 4/6 levels left

rFire    . . .     SeeInvis .   j - +2 whip (drain)
rCold    . . .     Faith    .   (no shield)
rNeg     . . .     Spirit   .   b - +0 robe
rPois    .         Reflect  .   (no helmet)
rElec    .         Harm     .   (no cloak)
rCorr    .         Rampage  .   (no gloves)
Will     .....                  (no boots)
Stlth    ++........             (no amulet)
HPRegen  0.07/turn              (no ring)
MPRegen  0.11/turn              (no ring)

@: no status effects
A: no striking features
a: no special abilities


You were on level 2 of the Dungeon.
You visited 1 branch of the dungeon, and saw 2 of its levels.

You collected 76 gold pieces.

Inventory:

Hand Weapons
 a - a +0 dagger
 j - a +2 whip of draining (weapon)
Missiles
 f - 91 stones (quivered)
 g - 16 sling bullets
 l - 21 poisoned darts
 m - 2 datura-tipped darts
Armour
 b - a +0 robe (worn)
Scrolls
 c - 3 scrolls of teleportation
 e - a scroll of enchant weapon {unknown}
 h - a scroll of amnesia {unknown}
 i - a scroll of identify {unknown}
 k - a scroll of summoning {unknown}
Potions
 d - a potion of curing


   Skills:
 + Level 1.8 Fighting
 - Level 1.0 Armour
 + Level 1.1 Dodging
 + Level 1.3 Stealth
 + Level 2.2 Spellcasting
 + Level 0.9 Conjurations
 + Level 4.0 Necromancy
 - Level 1.1 Translocations
 + Level 2.6 Evocations


You had 4 spell levels left.
You knew the following spells:

 Your Spells              Type           Power      Damage    Failure   Level
a - Magic Dart            Conj           20%        1d4       12%         1
b - Animate Skeleton      Necr           32%        N/A       3%          1

Your spell library contained the following spells:

 Spells                   Type           Power      Damage    Failure   Level
 Vampiric Draining        Necr           8%         2d7       11%         3
 Blink                    Tloc           N/A        N/A       17%         2
 Call Imp                 Summ           1%         N/A       26%         2
 Slow                     Hex            1%         N/A       26%         2
 Conjure Flame            Conj/Fire      3%         6-21      41%         3
 Mephitic Cloud           Conj/Pois/Air  3%         N/A       43%         3
 Ignite Poison            Fire/Tmut/Pois 1%         N/A       47%         3
 Sticky Flame             Conj/Fire      3%         2d3       82%         4


Dungeon Overview and Level Annotations

Branches:
Dungeon (2/15)

Altars:

Annotations:
D:2 Sigmund


Message History

Sigmund hits you with a +0 scythe.
* * * LOW HITPOINT WARNING * * *
You are too injured to fight recklessly!
You are too injured to fight recklessly!
It was a potion of curing.
You feel better.
You closely miss Sigmund.
Sigmund is moderately wounded.
Sigmund hits you with a +0 scythe.
You hit Sigmund.
Sigmund is heavily wounded.
Sigmund casts a spell at you. The puff of flame misses you.
You hit Sigmund.
Sigmund is heavily wounded.
Sigmund casts a spell at you. You resist with some effort.
You hit Sigmund.
Sigmund is severely wounded.
Sigmund hits you with a +0 scythe!
* * * LOW HITPOINT WARNING * * *
Sigmund misses you.
Sigmund points at you and mumbles some strange words.
The puff of flame misses you.
Casting: Magic Dart (safe; 12% risk of failure)
Confirm with . or Enter, or press ? or * to list all spells.
Aiming: Magic Dart (safe; 12% risk of failure)
Press: ? - help, Shift-Dir - straight line, f - Sigmund
Aim: Sigmund, wielding a +0 scythe and wearing a +0 robe (severely wounded, heavily drained, 100% to hit)
The magic dart hits Sigmund.
Sigmund is severely wounded.
Sigmund gestures wildly while chanting.
Sigmund flickers and vanishes!
Deactivating autopickup; reactivate with Ctrl-A.
You are confused.
You bump into the rock wall.
You feel less confused.
You hear some strange, mumbled words.
A puff of flame appears from out of thin air!
The puff of flame hits you!
You die...

##### ##### ##...##
#.... ##.....## #....
#.......# #....
#.......# #....
##.......# #....
###.@.....## ##....
#.{.#.....######.....
###.##.................
##...##.......#####.###.
#..####.......# ###.###.
##.## ##.....## #...##..
#..# ##...## #.####.#
#.## ##### #.# #..#
###### ##.# #.# #.##


There were no monsters in sight!

Vanquished Creatures
  An adder (D:2)
  2 dart slugs (D:1)
  2 ball pythons (D:1)
  3 endoplasms
  3 goblins
  5 hobgoblins (D:1)
  A quokka (D:1)
  4 bats
  4 frilled lizards (D:1)
  5 kobolds (D:1)
30 creatures vanquished.

Vanquished Creatures (collateral kills)
  A bat (D:1)
  A giant cockroach (D:1)
  A hobgoblin (D:1)
3 creatures vanquished.

Grand Total: 33 creatures vanquished

Notes
Turn   | Place    | Note
-------+----------+-------------------------------------------
     0 | D:1      | Descartes the Deep Elf Wanderer began the quest for the
                  | Orb.
     0 | D:1      | Descartes set off with the following items: a +0 dagger, a
                  | +0 robe, a scroll of teleportation; and the following
                  | spells available to memorise: Animate Skeleton, Vampiric
                  | Draining, Magic Dart, Blink, Call Imp, Slow, Conjure Flame,
                  | Mephitic Cloud
     0 | D:1      | Reached XP level 1. HP: 12/12 MP: 5/5
     2 | D:1      | Learned a level 1 spell: Magic Dart
     4 | D:1      | Learned a level 1 spell: Animate Skeleton
   507 | D:1      | Reached XP level 2. HP: 17/17 MP: 0/6
  1405 | D:1      | Reached skill level 1 in Dodging
  1498 | D:1      | Reached skill level 1 in Stealth
  1947 | D:1      | Reached XP level 3. HP: 9/21 MP: 1/8
  2554 | D:2      | Reached skill level 4 in Necromancy
  2679 | D:2      | Noticed Sigmund
  2693 | D:2      | HP: 1/21 [Sigmund (9)]
  2712 | D:2      | Killed from afar by Sigmund

Illustrated notes

Levels and vault maps discovered:
D:1:      onia_arrival_pyramid, layout_basic, kennysheep_small_spiral
D:2:      layout_rooms, uniq_sigmund

Skill      XL: |  1  2  3 |
---------------+----------+-----
Spellcasting   | 2 |  2.2
Dodging        | 1 |  1.1
Stealth        | 1 |  1.3
Necromancy     | 4 |  4.0
Fighting       | |  1.8
Armour         | |  1.0
Conjurations   | |  0.9
Translocations | |  1.1
Evocations     | |  2.6

Action                   || total
-------------------------++-------
Melee: Dagger            ||    31
       Whip              ||    23
 Cast: Magic Dart        ||    82
       Animate Skeleton  ||     8
  Use: Potion            ||     1
 Stab: Sleeping          ||     1
Armor: Robe              ||    12
Dodge: Dodged            ||    56
